Map: Automaton LE

Players

HeroMarine - Winner!

  • Race: Terran Terran
  • Spawn Location: 9:00

Reynor

  • Race: Zerg Zerg
  • Spawn Location: 3:00

Event: 2019 WCS Spring

VOD

Have the link to the VOD?

Description

Time

  • Played on: May 18, 2019, 3:33 p.m.
  • Length: 12:56

All games in this series

Show
View Real Time Build Order
Export as new Build Order

HeroMarine Terran - Winner!

Build Orders: Hellion Opening, Reaper Expand 

Get SALT Encoding   

  12  0:00  SCV  
  13  0:12  SCV  
  14  0:17  Supply Depot  
  14  0:24  SCV  
  15  0:39  SCV  
  15  0:40  Barracks  
  16  0:44  Refinery  
  16  0:51  SCV  
  17  1:03  SCV  
  18  1:15  SCV  
  19  1:27  Reaper, Orbital Command  
  20  1:40  Command Center  
  20  1:50  Supply Depot  
  20  1:53  SCV  
  21  1:59  Marine  
  22  2:05  SCV  
  23  2:09  Factory  
  23  2:14  Refinery  
  23  2:18  SCV  
  23  2:21  Barracks Reactor  
  24  2:30  SCV  
  25  2:42  SCV  
  26  2:54  SCV, Starport  
  26  2:57  Orbital Command  
  27  3:03  Hellion x2  
  31  3:06  SCV, Barracks Tech Lab  
  32  3:18  SCV  
  33  3:24  SCV  
  33  3:25  Hellion x2  
  38  3:33  SCV  
  39  3:36  SCV, Medivac, Supply Depot  
  42  3:45  Supply Depot  
  42  3:46  Hellion x2  
  46  3:57  SCV x2  
  46  3:58  Supply Depot  
  48  4:06  Raven  
  48  4:07  Hellion  
  48  4:08  Hellion  
  48  4:09  SCV x2  
  56  4:12  Marine  
  57  4:21  SCV x2  
  59  4:33  SCV, Command Center  
  59  4:34  SCV  
  61  4:39  Hellion x2  
  61  4:40  Supply Depot  
  65  4:46  SCV  
  65  4:51  SCV  
  67  4:58  SCV  
  68  5:00  Armory  
  68  5:06  SCV  
  69  5:10  SCV, Hellion x2  
  69  5:12  Factory x2  
  74  5:20  SCV  
  74  5:22  SCV, Supply Depot, Refinery x2  
  75  5:32  SCV  
  75  5:34  SCV  
  77  5:43  Factory x2  
  77  5:44  Hellion x2  
  77  5:48  Orbital Command  
  81  5:50  SCV x2  
  83  6:06  SCV x2  
  83  6:08  Hellion x2  
  83  6:09  Factory Tech Lab  
  89  6:15  Orbital Command  
  89  6:17  Terran Vehicle And Ship Armor Level 1  
  89  6:18  SCV  
  86  6:19  SCV  
  86  6:24  Infernal Pre-Igniter, Cyclone  
  90  6:30  SCV  
  90  6:32  Factory Reactor, Factory Tech Lab  
  91  6:33  Engineering Bay, Cyclone  
  91  6:34  Supply Depot  
  91  6:35  Refinery  
  91  6:36  SCV  
  95  6:40  Refinery  
  95  6:42  SCV  
  95  6:45  SCV  
  93  6:48  SCV  
  93  6:49  Hellion x2  
  94  6:54  SCV  
  94  6:57  SCV  
  94  7:00  SCV  
  97  7:01  Supply Depot  
  97  7:03  Cyclone x2  
  97  7:05  Cyclone  
  97  7:06  SCV  
  107  7:09  SCV  
  107  7:10  Hellion x4  
  107  7:12  SCV  
  109  7:16  Supply Depot  
  109  7:23  SCV x2, Mag-Field Accelerator, Supply Depot x2  
  109  7:24  SCV  
  112  7:33  Hellion x2  
  112  7:35  SCV, Hellion x2  
  117  7:37  SCV, Cyclone  
  117  7:39  Cyclone, Sensor Tower  
  124  7:44  Cyclone  
  124  7:45  Hellion x2  
  131  7:57  Hellion x2  
  135  8:01  Supply Depot  
  135  8:02  Command Center  
  135  8:09  Siege Tank, Factory  
  135  8:10  Factory  
  135  8:11  Siege Tank  
  141  8:23  Siege Tank  
  142  8:27  Hellion x2  
  142  8:28  Hellion  
  142  8:31  Supply Depot  
  142  8:33  Missile Turret, Supply Depot x2  
  148  8:35  Supply Depot  
  148  8:38  Missile Turret  
  148  8:42  Missile Turret  
  148  8:44  Terran Vehicle And Ship Armor Level 2  
  148  8:49  Armory  
  148  8:52  Siege Tank x2, Factory Tech Lab  
  148  8:55  Siege Tank, Factory Tech Lab  
  157  9:01  Hellion  
  157  9:02  Hellion x2  
  163  9:03  Hellion  
  163  9:05  SCV  
  163  9:06  SCV x2  
  167  9:11  Thor  
  167  9:14  Cyclone  
  176  9:24  Cyclone  
  176  9:26  Cyclone  
  180  9:36  SCV  
  180  9:37  SCV x2  
  183  9:44  Missile Turret  
  186  9:45  Terran Vehicle Weapons Level 1  
  186  9:46  Missile Turret  
  186  9:48  Missile Turret x2  
  186  9:50  Missile Turret  
  189  9:54  Refinery  
  189  9:59  Refinery  
  189  10:03  Cyclone x3  
  189  10:04  Cyclone  
  195  10:07  Planetary Fortress  
  195  10:15  Cyclone  
  177  10:23  Hellion x2  
  177  10:26  Hellion x2  
  146  10:35  Cyclone x2  
  146  10:36  Hellion x2  
  138  10:44  Hellion  
  138  10:45  Hellion x10  
  138  10:47  Hellion  
  138  10:48  SCV x3, Hellion, Cyclone  
  152  10:52  SCV  
  153  10:57  Cyclone x2  
  153  11:00  Missile Turret  
  153  11:01  Missile Turret  
  162  11:07  Cyclone  
  162  11:08  Cyclone  
  162  11:09  Hellion x2  
  162  11:10  Hellion x2  
  173  11:14  Factory  
  173  11:20  Cyclone  
  176  11:27  Missile Turret  
  176  11:29  Hellion, Cyclone  
  176  11:30  Hellion  
  176  11:31  Hellion x2  
  176  11:32  Hellion  
  191  11:40  Cyclone x2  
  194  11:51  Hellion  
  196  11:56  Hellion  
  196  11:57  Hellion x2  
  196  11:58  Cyclone  
  196  11:59  Cyclone  
  191  12:01  Cyclone  
  191  12:07  SCV x2  
  195  12:12  Cyclone x2  
  191  12:19  Hellion x2  
  191  12:21  Hellion  
  191  12:22  Hellion  
  157  12:28  Factory Tech Lab  
Show
View Real Time Build Order
Export as new Build Order

Reynor Zerg 

Build Orders: Hatch First, Muta Ling Bane 

Get SALT Encoding   

  12  0:00  Drone  
  13  0:12  Overlord  
  13  0:17  Drone  
  14  0:31  Drone x2  
  16  0:48  Hatchery  
  15  0:52  Drone  
  15  0:56  Drone  
  17  0:59  Drone  
  18  1:11  Extractor  
  18  1:15  Spawning Pool  
  16  1:19  Drone  
  16  1:22  Drone  
  18  1:27  Drone  
  19  1:38  Drone  
  20  1:49  Drone  
  21  2:02  Queen x2, Zergling x4  
  27  2:18  Hatchery  
  26  2:23  Overlord  
  26  2:27  Drone  
  26  2:29  Drone  
  28  2:40  Spore Crawler  
  28  2:43  Drone x2  
  28  2:45  Drone x2  
  28  2:50  Metabolic Boost  
  31  2:52  Drone  
  31  2:54  Drone  
  31  2:57  Overlord  
  33  3:05  Queen  
  35  3:15  Drone x2  
  35  3:16  Drone x2  
  35  3:17  Drone  
  40  3:21  Overlord  
  40  3:23  Drone  
  41  3:27  Drone  
  41  3:28  Drone  
  41  3:32  Queen  
  41  3:33  Drone  
  46  3:38  Zergling x2  
  47  3:43  Zergling x4  
  47  3:48  Queen  
  51  3:50  Drone x3  
  54  3:55  Overlord  
  54  3:56  Drone  
  54  3:57  Drone  
  54  4:01  Drone  
  57  4:05  Overlord  
  57  4:14  Zergling x12  
  57  4:15  Overlord  
  63  4:19  Zergling x2  
  63  4:20  Drone  
  63  4:24  Overlord, Drone x2  
  65  4:27  Spore Crawler  
  65  4:30  Lair  
  66  4:33  Spore Crawler  
  66  4:34  Drone x2  
  67  4:39  Spore Crawler  
  67  4:41  Queen  
  68  4:47  Drone x2  
  68  4:49  Drone x2  
  68  4:52  Zergling x2  
  68  4:54  Zergling x2  
  68  4:55  Zergling x2  
  68  4:57  Drone  
  67  5:01  Drone x2  
  67  5:05  Zergling x8  
  73  5:07  Zergling x2  
  73  5:11  Queen  
  76  5:17  Overlord  
  76  5:19  Drone x2  
  75  5:22  Drone x2  
  75  5:25  Overlord  
  77  5:31  Drone x3  
  77  5:32  Drone  
  81  5:35  Overlord  
  81  5:38  Extractor  
  81  5:40  Extractor, Baneling Nest  
  81  5:42  Drone x2  
  80  5:43  Drone  
  80  5:47  Queen  
  80  5:49  Zergling x2  
  84  5:52  Drone  
  84  5:55  Zergling x2  
  86  6:00  Zergling x6  
  86  6:02  Queen  
  86  6:04  Overlord  
  91  6:06  Drone x2  
  91  6:07  Drone x2  
  91  6:09  Drone  
  91  6:10  Drone x3  
  99  6:12  Extractor  
  99  6:14  Extractor x2  
  99  6:17  Overlord  
  96  6:21  Overlord  
  96  6:22  Drone  
  96  6:24  Drone  
  98  6:28  Zergling x2  
  98  6:29  Zergling x6  
  98  6:32  Drone x3  
  105  6:34  Hatchery  
  105  6:36  Evolution Chamber  
  105  6:37  Evolution Chamber, Overlord  
  102  6:41  Zergling x8  
  102  6:42  Drone  
  105  6:49  Drone  
  105  6:52  Drone x2  
  105  6:53  Spire  
  107  6:58  Centrifical Hooks  
  107  6:59  Drone  
  107  7:00  Drone  
  109  7:04  Overlord  
  109  7:05  Baneling x3  
  109  7:06  Baneling  
  109  7:07  Zergling x10  
  114  7:10  Drone  
  114  7:15  Drone  
  116  7:18  Zerg Ground Armor Level 1  
  116  7:19  Drone x3  
  116  7:20  Zergling x2  
  120  7:23  Overlord  
  120  7:24  Zerg Melee Weapons Level 1  
  120  7:27  Drone  
  120  7:28  Baneling x4  
  120  7:29  Drone x3  
  125  7:30  Drone  
  125  7:36  Overlord  
  125  7:37  Drone x3  
  127  7:39  Baneling x2  
  127  7:40  Baneling  
  128  7:47  Overlord  
  122  7:53  Zergling x14  
  122  7:56  Extractor  
  122  7:57  Drone x2  
  122  7:58  Extractor  
  123  7:59  Drone x2  
  123  8:00  Drone  
  126  8:06  Mutalisk x5  
  126  8:09  Mutalisk  
  126  8:11  Zergling x2  
  126  8:12  Baneling  
  139  8:15  Zergling x2  
  139  8:18  Baneling x4  
  140  8:20  Zergling x4  
  140  8:22  Overlord  
  142  8:32  Mutalisk x2  
  148  8:34  Drone x5  
  148  8:37  Mutalisk  
  148  8:39  Zergling x16  
  161  8:44  Baneling x5  
  161  8:48  Baneling x4  
  161  8:50  Zergling x2  
  161  8:51  Zergling x6  
  165  8:56  Zergling x12  
  165  8:57  Overlord  
  171  9:07  Mutalisk x2  
  171  9:09  Overlord  
  175  9:10  Overlord  
  175  9:13  Zerg Ground Armor Level 2  
  175  9:17  Zergling x2  
  175  9:18  Zergling x14, Zerg Melee Weapons Level 2  
  175  9:23  Baneling x5  
  182  9:26  Zergling x2  
  182  9:30  Overlord x3, Corruptor  
  185  9:32  Hatchery, Zergling x12  
  185  9:33  Zergling x2  
  185  9:35  Mutalisk  
  185  9:36  Infestation Pit  
  192  9:40  Zergling x2  
  192  9:42  Mutalisk  
  192  9:45  Zergling x8  
  198  9:46  Baneling x2  
  198  9:47  Baneling x5  
  199  10:11  Baneling x18  
  198  10:20  Zergling x34  
  195  10:25  Zergling x2  
  183  10:28  Zergling x2  
  183  10:29  Mutalisk  
  183  10:33  Mutalisk x4  
  183  10:34  Zergling x6  
  172  10:39  Zergling x4  
  172  10:40  Overseer  
  172  10:41  Hive  
  163  10:45  Zergling x4  
  163  10:46  Mutalisk  
  159  10:54  Zergling x2  
  159  10:55  Zergling x8  
  164  11:00  Mutalisk x3  
  164  11:02  Baneling x3  
  170  11:05  Extractor, Zergling x8  
  170  11:06  Zergling x2  
  170  11:09  Baneling x5  
  170  11:10  Zergling x2  
  175  11:13  Pneumatized Carapace  
  175  11:14  Zergling x20  
  175  11:15  Baneling  
  175  11:16  Baneling x2  
  185  11:19  Zergling x6  
  185  11:21  Drone x2  
  185  11:24  Baneling x7  
  190  11:27  Zergling x2  
  191  11:37  Zergling x18  
  191  11:39  Baneling x2  
  198  11:40  Baneling x12  
  198  11:44  Zergling x4  
  200  11:48  Baneling x7  
  200  11:51  Overlord  
  199  12:01  Overlord  
  199  12:05  Zergling x2  
  199  12:06  Zergling x4  
  182  12:15  Zergling x8  
  182  12:16  Zergling x24  
  182  12:19  Zergling x2  
  156  12:23  Zergling x2  
  156  12:27  Baneling x2  
  156  12:28  Zergling x6  
  152  12:30  Zergling x2  
  152  12:33  Zergling x4  
  152  12:34  Zergling x4  
  153  12:37  Overlord  
Tags
 
Add a new tag
Caveats
  • Supply blocks, unpowered buildings, or Contaminate may cause inaccurate times.
  • Supply counts are checked every 10 seconds.